 Dungeon Crawl Stone Soup version 0.16-a0-4013-gd591273 (console) character file.

11252 nht the Bludgeoner (level 11, 0/113 HPs)
             Began as an Ogre Berserker on Feb 16, 2015.
             Was a High Priest of Trog.
             Succumbed to a black mamba's poison
             ... on level 3 of the Lair of Beasts.
             The game lasted 00:20:35 (9617 turns).

nht the Bludgeoner (Ogre Berserker)                 Turns: 9617, Time: 00:20:35

Health: 0/113      AC:  5    Str: 27    XL:     11   Next: 74%
Magic:  11/11      EV: 10    Int:  6    God:    Trog [*****.]
Gold:   585        SH:  0    Dex:  9    Spells: 0 memorised, 10 levels left

rFire  . . .     SeeInvis .     a - +1 giant spiked club
rCold  . . .     Clarity  .     b - +1 animal skin
rNeg   . . .     SustAb   .     (shield restricted)
rPois  +         Gourm    .     (helmet restricted)
rElec  .         Spirit   .     M - +0 cloak
rCorr  .         Warding  .     (gloves unavailable)
rMut   .         Stasis   .     (boots unavailable)
MR     ++...                    I - amulet of rage
Stlth  +.........               e - ring of protection from magic
                                u - ring of poison resistance

@: lethally poisoned (0 -> -5), very resistant to hostile enchantments, very
unstealthy
A: unfitting armour, tough skin 1
a: Burn Spellbooks, Berserk, Trog's Hand, Brothers in Arms, Renounce Religion,
Evoke Berserk Rage


You were on level 3 of the Lair of Beasts.
You worshipped Trog.
Trog was extremely pleased with you.
You were not hungry.

You visited 2 branches of the dungeon, and saw 12 of its levels.

You collected 585 gold pieces.

Inventory:

Hand weapons
 a - a +1 giant spiked club (weapon)
Missiles
 d - 13 tomahawks of returning
 q - 5 tomahawks (quivered)
 F - 8 large rocks
 H - 7 steel javelins
Armour
 b - a +1 animal skin (worn)
 M - a +0 cloak (worn)
 R - the +3 hat of Pondering {ponderous, MR+ MP+10 Int+5}
   (You took it off Gastronok on level 8 of the Dungeon)

   It affects your intelligence (+5).
   It affects your resistance to hostile enchantments.
   It affects your magic capacity (+10).
Jewellery
 e - a ring of protection from magic (right hand)
 g - an uncursed ring of positive energy
 u - a ring of poison resistance (left hand)
 I - an amulet of rage (around neck)
 T - an uncursed ring of sustain abilities
Magical devices
 f - a wand of polymorph (14)
 j - a wand of slowing (23)
 l - a wand of digging (4)
 v - a wand of invisibility (6)
 w - a wand of paralysis (13)
 y - a wand of teleportation (9)
 A - a wand of random effects (37)
 L - a wand of heal wounds (2)
 Q - a wand of fire (7)
Scrolls
 i - a scroll of blinking
 m - 5 scrolls of enchant armour
 o - 3 scrolls of identify
 p - 4 scrolls of remove curse
 r - 6 scrolls of teleportation
 s - a scroll of fog {unknown}
 t - a scroll of enchant weapon
 x - a scroll of silence {unknown}
 E - a scroll of fear
Potions
 h - 5 potions of curing
 k - a potion of cure mutation
 B - 2 potions of agility
 C - a potion of lignification
 D - a potion of might
 G - 4 potions of restore abilities
 J - a potion of invisibility
 K - a potion of heal wounds
Comestibles
 c - 6 meat rations
 z - a royal jelly
 N - 3 beef jerkies
 O - 8 slices of pizza
 P - 3 bread rations


   Skills:
 + Level 8.7 Fighting
 + Level 18.7 Maces & Flails
 + Level 8.5 Throwing
 - Level 1.5 Armour
 - Level 1.7 Dodging


You had 10 spell levels left.
You didn't know any spells.

Dungeon Overview and Level Annotations

Branches:
Dungeon (9/15)             Temple (0/1) D:5            Lair (3/8) D:9
  Snake (0/5) Lair:3
  Swamp: Lair:3-6    Shoals: Lair:3-6       Orc: D:9-12

Altars:
Ashenzari
Gozag
Kikubaaqudgha
Makhleb
Nemelex Xobeh
Qazlal
Trog

Shops:
D:6 [


Innate Abilities, Weirdness & Mutations

You are too large for most types of armour.
You have tough skin (AC +1).


Message History

You bludgeon the black mamba!!
The black mamba is almost dead.
You feel sick. The black mamba closely misses you. The black mamba bites you!
You hit the black mamba but do no damage.
The black mamba is almost dead.
You feel sick. The black mamba bites you!
You miss the black mamba.
The black mamba is almost dead.
You feel sick. The black mamba bites you!
* * * LOW HITPOINT WARNING * * *
The black mamba bites you!
* * * LOW HITPOINT WARNING * * *
You hit the black mamba but do no damage.
The black mamba is almost dead.
You feel sick. The black mamba bites you!
* * * LOW HITPOINT WARNING * * *
You spit the black mamba like a pig!!!
You kill the black mamba!
Trog accepts your kill.
You die...

█.███ █..█ ██..█ ████..█
....█ █P....█
....███.....█ .█
......█.█...█ .██
......██....██ .....
.....█.███...███ ██.....
.....█.█ ██....██.......
..█....██ ██.............
.██.....████.............
.██..██.........@........
.██.████......█.(†...../█
....█ ██.....██..(.█.>.
P█..██ ██..███..█.(P█.█
P....█


██÷█ ███..(.. ....██ ███..█ █.... .....███P...██ P.. .............█ ..
..█....█.█...██ .....████.....████ .█^..█ ██.......█ There were no monsters in
sight!

Vanquished Creatures
  A hydra (Lair:1)
  Erolcha (D:8)
  4 black mambas (Lair:3)
  Maurice (D:8)
  2 spiny frogs
  2 komodo dragons
  Prince Ribbit (D:7)
  A wyvern (D:8)
  The ghost of motorbit the Conjurer, an average GrCj (D:5)
  A human (D:7)
  A hippogriff (Lair:1)
  2 hungry ghosts
  A yak (D:7)
  A steam dragon (D:8)
  Edmund (D:5)
  3 water moccasins
  3 porcupines
  4 orc warriors (D:8)
  2 black bears
  A necrophage (D:9)
  6 crocodiles
  2 ogres
  4 centaurs
  A brain worm (D:8)
  7 giant frogs
  2 big kobolds
  A wyvern skeleton (D:8)
  4 scorpions
  4 goliath beetles
  7 wights (D:9)
  2 killer bees (D:8)
  8 orc priests
  3 crimson imps
  A hound (D:4)
  A centaur skeleton (D:8)
  A giant frog zombie (D:8)
  A jelly (D:7)
  4 iguanas
  4 giant frog skeletons
  6 orc wizards
  3 sheep (D:7)
  8 worker ants
  The ghost of 4thArraOfDagon the Skirmisher, a weakling HOFi (D:3)
  A hound skeleton (D:4)
  8 river rats (Lair:1)
  4 gnolls (D:3)
  11 adders
  A shadow imp (D:6)
  2 giant mites
  2 worms (D:2)
  4 giant geckos
  An ooze (D:2)
  35 orcs
  A bat skeleton (D:8)
  4 giant cockroaches
  13 goblins
  19 hobgoblins
  11 jackals
  21 kobolds
  4 quokkas
  3 ball pythons
  10 bats
  A giant gecko zombie (D:8)
  7 giant newts
  8 rats
286 creatures vanquished.

Vanquished Creatures (collateral kills)
  Gastronok (D:8)
  An ice beast (D:5)
  A killer bee (D:8)
  A jackal (D:5)
4 creatures vanquished.

Vanquished Creatures (others)
  A two-headed ogre (D:8)
  An ogre (D:5)
2 creatures vanquished.

Grand Total: 292 creatures vanquished

Notes
Turn   | Place    | Note
--------------------------------------------------------------
     0 | D:1      | nht, the Ogre Berserker, began the quest for the Orb.
     0 | D:1      | Reached XP level 1. HP: 24/24 MP: 1/1
   176 | D:1      | Reached skill level 1 in Throwing
   176 | D:1      | Reached XP level 2. HP: 30/32 MP: 2/2
   721 | D:2      | Reached XP level 3. HP: 18/39 MP: 3/3
   728 | D:2      | Found an ancient bone altar of Kikubaaqudgha.
   809 | D:2      | Reached skill level 5 in Maces & Flails
   875 | D:2      | Found a bloodstained altar of Trog.
   883 | D:2      | Acquired Trog's second power
   934 | D:2      | Reached XP level 4. HP: 36/48 MP: 4/4
  1143 | D:2      | Found a shattered altar of Ashenzari.
  1143 | D:2      | Found a burning altar of Makhleb.
  1354 | D:3      | Reached XP level 5. HP: 54/54 MP: 5/5
  1457 | D:3      | Noticed 4thArraOfDagon's ghost (weakling HOFi)
  1467 | D:3      | Killed 4thArraOfDagon's ghost
  1467 | D:3      | Reached skill level 6 in Maces & Flails
  1594 | D:3      | Found an opulent altar of Gozag.
  1952 | D:4      | Reached XP level 6. HP: 50/62 MP: 6/6
  2031 | D:4      | Noticed an ogre
  2037 | D:4      | Killed an ogre
  2037 | D:4      | Reached skill level 7 in Maces & Flails
  2058 | D:4      | Reached skill level 5 in Throwing
  2183 | D:4      | Found a stormy altar of Qazlal.
  2282 | D:4      | Reached XP level 7. HP: 40/70 MP: 7/7
  2284 | D:4      | Acquired Trog's third power
  2392 | D:4      | Reached skill level 8 in Maces & Flails
  2544 | D:5      | Entered Level 5 of the Dungeon
  2598 | D:5      | Noticed Edmund
  2615 | D:5      | Killed Edmund
  2620 | D:5      | Reached skill level 9 in Maces & Flails
  2642 | D:5      | Found a sparkling altar of Nemelex Xobeh.
  2749 | D:5      | Found a staircase to the Ecumenical Temple.
  2912 | D:5      | Reached skill level 10 in Maces & Flails
  2912 | D:5      | Reached XP level 8. HP: 78/78 MP: 8/8
  2916 | D:5      | Noticed motorbit's ghost (average GrCj)
  3088 | D:5      | Killed motorbit's ghost
  3088 | D:5      | Reached skill level 11 in Maces & Flails
  3499 | D:6      | Reached skill level 12 in Maces & Flails
  3675 | D:6      | Found Frongum's Armour Shop.
  4035 | D:6      | Reached XP level 9. HP: 80/84 MP: 9/9
  4045 | D:6      | Reached skill level 13 in Maces & Flails
  4069 | D:6      | Received a gift from Trog
  4747 | D:7      | Found a stormy altar of Qazlal.
  4824 | D:7      | Reached skill level 14 in Maces & Flails
  4958 | D:7      | Noticed Prince Ribbit
  4965 | D:7      | Killed Prince Ribbit
  4995 | D:7      | Received a gift from Trog
  5174 | D:7      | Reached skill level 15 in Maces & Flails
  5438 | D:8      | Noticed Maurice
  5452 | D:8      | Killed Maurice
  5452 | D:8      | Reached XP level 10. HP: 83/92 MP: 10/10
  5467 | D:8      | Noticed Gastronok
  5473 | D:8      | Killed Gastronok
  5473 | D:8      | Reached skill level 16 in Maces & Flails
  5650 | D:8      | Reached skill level 17 in Maces & Flails
  5903 | D:8      | Identified a scroll of acquirement
  5904 | D:8      | Got a faintly humming hat
  5910 | D:8      | Identified the -5 hat of Free Expression {MP+9 Str+4} (You acquired it on level 8 of the Dungeon)
  5968 | D:8      | You fall through a shaft!
  6060 | D:9      | Found a staircase to the Lair.
  6387 | D:8      | Noticed Erolcha
  6400 | D:8      | Killed Erolcha
  6410 | D:8      | Reached skill level 5 in Fighting
  6750 | D:8      | Reached skill level 18 in Maces & Flails
  6824 | D:8      | Reached XP level 11. HP: 105/105 MP: 11/11
  6866 | D:8      | Received a gift from Trog
  7246 | Lair:1   | Entered Level 1 of the Lair of Beasts
  7455 | Lair:1   | Received a gift from Trog
  8063 | Lair:1   | Noticed a five-headed hydra
  8071 | Lair:1   | Killed a five-headed hydra
  8724 | Lair:2   | Received a gift from Trog
  9458 | Lair:3   | Found a staircase to the Snake Pit.
  9616 | Lair:3   | HP: 1/113 [black mamba (12)]
  9617 | Lair:3   | Succumbed to a black mamba's poison

Action                   |  1- 3 |  4- 6 |  7- 9 | 10-12 || total
-------------------------+-------+-------+-------+-------++-------
Melee: Mace              |    65 |   162 |    24 |       ||   251
       Flail             |       |       |   271 |   137 ||   408
       Giant spiked club |       |       |       |    79 ||    79
Throw: Tomahawk          |    28 |     8 |    45 |   136 ||   217
       Javelin           |       |       |    14 |     9 ||    23
       Large rock        |       |       |       |     5 ||     5
Invok: Berserk           |     3 |     7 |    11 |     9 ||    30
       Burn Spellbooks   |       |       |     1 |     2 ||     3
       Brothers in Arms  |       |       |     1 |     2 ||     3
       Trog's Hand       |       |       |     1 |     2 ||     3
Evoke: Wand              |       |       |     1 |       ||     1
  Use: Potion            |     3 |     5 |     1 |     1 ||    10
       Scroll            |       |       |     7 |    11 ||    18
 Stab: Sleeping          |       |     1 |       |       ||     1
  Eat: Chunk             |     1 |     9 |    21 |    16 ||    47
       Bread ration      |       |     1 |       |       ||     1
       Fruit             |       |       |     3 |     6 ||     9
       Beef jerky        |       |       |       |     1 ||     1
